 Dungeon Crawl Stone Soup version 0.31-a0-845-g9abc20d24f (webtiles) character file.

Game seed: 6162099144123280931

1123 Kurtz the Cleaver (level 8, -4/52 HPs)
             Began as an Octopode Fighter on Oct 1, 2023.
             Was an Initiate of Okawaru.
             Slain by a gnoll sergeant
             ... wielding a +0 spear
              (8 damage)
             ... on level 6 of the Dungeon.
             The game lasted 00:05:06 (5525 turns).

Kurtz the Cleaver (Octopode Fighter)                Turns: 5525, Time: 00:05:07

Health: -4/52      AC:  1    Str: 18    XL:     8   Next: 35%
Magic:  17/17      EV: 12    Int: 13    God:    Okawaru [......]
Gold:   195        SH:  9    Dex: 15    Spells: 7/7 levels left

rFire   . . .        w - +5 hand axe "Demon's Funeral" {heavy, rCorr Int+3 Dex+4}
rCold   . . .        r - +0 kite shield
rNeg    . . .        (helmet restricted)
rPois   .            (no amulet)
rElec   .            i - ring of magical power
rCorr   +            (no ring)
SInv    .            (no ring)
Will    .....        (no ring)
Stlth   ++           (no ring)
HPRegen 0.28/turn    (no ring)
MPRegen 0.15/turn    (no ring)
                     (no ring)

%: no passive effects
@: no status effects
A: almost no armour, amphibious, 8 rings, camouflage 1, gelatinous body 1,
(nimble swimmer 1), tentacles
a: Renounce Religion


You were on level 6 of the Dungeon.
You worshipped Okawaru.
Okawaru was noncommittal.
You visited 2 branches of the dungeon, and saw 7 of its levels.

You collected 303 gold pieces.
You spent 108 gold pieces at shops.

Inventory:

Hand Weapons
 a - a +0 war axe
 w - the +5 hand axe "Demon's Funeral" (weapon) {heavy, rCorr Int+3 Dex+4}
   (You found it on level 4 of the Dungeon)

   Int+3:     It affects your intelligence (+3).
   Dex+4:     It affects your dexterity (+4).
   rCorr:     It protects you from acid and corrosion.
Missiles
 d - 2 throwing nets
 t - 4 poisoned darts (quivered)
Armour
 r - a +0 kite shield (worn)
Jewellery
 h - a ring of fire
 i - a ring of magical power (left tentacle)
Talismans
 q - a granite talisman
Scrolls
 e - 2 scrolls of fear {unknown}
 f - a scroll of enchant weapon {unknown}
 g - 2 scrolls of vulnerability {unknown}
 p - a scroll of amnesia {unknown}
 u - 2 scrolls of fog {unknown}
 v - a scroll of poison {unknown}
Potions
 b - a potion of ambrosia
 c - a potion of might
 j - a potion of lignification
 k - 2 potions of cancellation
 l - a potion of heal wounds {unknown}
 m - a potion of brilliance {unknown}
 n - a potion of curing
 o - a potion of attraction {unknown}
 s - a potion of invisibility {unknown}


   Skills:
 * Level 3.3 Fighting
 - Level 9.0 Axes
 * Level 3.5 Dodging
 * Level 3.5 Shields
 * Level 0.5 Invocations
 - Level 1.6 Shapeshifting


You had 7 spell levels left.
You didn't know any spells.
Your spell library contained the following spells:

 Spells                   Type           Power      Damage    Failure   Level
 Kiss of Death            Conj/Necr      0%         2d5       63%         1
 Sandblast                Erth           0%         2d4       63%         1
 Confusing Touch          Hex            0%         N/A       94%         3
 Dispel Undead            Necr           0%         3d6       100%        4


Dungeon Overview and Level Annotations

Branches:
Dungeon (6/15)             Temple (1/1) D:5

Altars:
Gozag
Nemelex Xobeh
Okawaru
Qazlal
Ru
Sif Muna
Wu Jian
Xom

Shops:
D:3 [:(:(

Annotations:
D:5 exclusions: downstairs and ogre


Innate Abilities, Weirdness & Mutations

You cannot wear most types of armour.
You are amphibious.
You can wear up to eight rings at the same time.
Your skin changes colour to match your surroundings (Stealth+).
Your rubbery body absorbs attacks. (AC +1, EV +1)
((You are camouflaged when in or above water. (Stealth+)))
You have tentacles for arms and can constrict up to eight enemies at once.


Message History

An orc priest comes into view. It is wielding a +0 club.
A gnoll comes into view. It is wielding a +0 halberd.
You block the bullfrog's attack. The bullfrog attacks as it pursues you!
The bullfrog hits you!
Things that are here:
a +0 flail; a gnoll corpse The bullfrog attacks as it pursues you!
The bullfrog barely misses you. The bullfrog closely misses you.
The bullfrog attacks as it pursues you! You block the bullfrog's attack.
The gnoll sergeant attacks as it pursues you!
You block the gnoll sergeant's attack. The bullfrog attacks as it pursues you!
The bullfrog hits you.
An orc comes into view. It is wielding a +0 falchion.
You block the bullfrog's attack. The bullfrog hits you.
The gnoll sergeant attacks as it pursues you!
You block the gnoll sergeant's attack.
There is a stone staircase leading up here.
The bullfrog misses you.
You slash the bullfrog! Your grab misses the bullfrog.
The bullfrog is severely wounded.
The bullfrog completely misses you. The gnoll sergeant barely misses you.
The bullfrog closely misses you.
You closely miss the bullfrog. You grab the bullfrog.
The bullfrog is severely wounded.
You constrict the bullfrog. The bullfrog hits you.
You block the gnoll sergeant's attack.
The orc priest calls down the wrath of Beogh upon you.
Beogh smites you! You block the bullfrog's attack.
You slash the bullfrog!
You kill the bullfrog!
Okawaru accepts your kill.
The gnoll sergeant throws a stone.
You block the stone.
The orc priest calls down the wrath of Beogh upon you.
Beogh smites you!
* * * LOW HITPOINT WARNING * * *
The gnoll sergeant hits you from afar with a +0 spear!
* * * LOW HITPOINT WARNING * * *
The gnoll sergeant hits you with a +0 spear!
You die...

.#.###..#
....o...#
###.###)#
#.#...###
#..g....#
#.#og.#.#
# ##o##.#
#g##.#
#@##.#
#.##.#
#)##.#
#.##.#
#.##.#
#.# #.#
#.# ...


You could see a gnoll sergeant, an orc priest, 2 gnolls and an orc.

Vanquished Creatures
  Sigmund (D:2)
  A black bear (D:4)
  A phantom (D:4)
  A bullfrog (D:6)
  A gnoll sergeant (D:5)
  A scorpion (D:5)
  2 howler monkeys (D:5)
  2 orc priests (D:5)
  A sleepcap (D:4)
  3 hounds
  A gnoll bouda (D:5)
  An iguana (D:5)
  2 orc wizards (D:3)
  4 adders
  11 gnolls
  An ufetubus (D:5)
  5 worms
  3 dart slugs
  3 orcs (D:5)
  8 bats
  5 endoplasms
  14 giant cockroaches
  7 hobgoblins
  2 jackals (D:2)
  3 quokkas
  4 ball pythons
  A frilled lizard (D:1)
  5 goblins
  10 kobolds
  6 rats
  A spectral hobgoblin (D:1)
111 creatures vanquished.

Notes
Turn   | Place    | Note
-------+----------+-------------------------------------------
     0 | D:1      | Kurtz the Octopode Fighter began the quest for the Orb.
     0 | D:1      | Reached XP level 1. HP: 16/16 MP: 1/1
   161 | D:1      | Reached XP level 2. HP: 21/21 MP: 2/2
   359 | D:1      | Found a faded altar of an unknown god.
   366 | D:1      | Reached skill level 3 in Axes
   627 | D:1      | HP: 1/21 [kobold/+0 short sword (5)]
   636 | D:1      | HP: 1/21 [endoplasm (2)]
   639 | D:1      | Reached XP level 3. HP: 1/26 MP: 3/3
  1081 | D:2      | Noticed Sigmund
  1086 | D:2      | Killed Sigmund
  1087 | D:2      | Reached skill level 5 in Axes
  1087 | D:2      | Reached XP level 4. HP: 21/31 MP: 4/4
  1087 | D:2      | Reached XP level 5. HP: 25/36 MP: 5/5
  1360 | D:2      | Reached skill level 6 in Axes
  1833 | D:3      | Reached XP level 6. HP: 39/42 MP: 6/6
  1981 | D:3      | Found Ackanom's Book Emporium.
  1986 | D:3      | Found Radaxt's Book Shop.
  2051 | D:3      | Found Exeut's Antique Weapon Emporium.
  2122 | D:3      | Found Dootutil's Antique Armour Shop.
  2165 | D:3      | Bought a kite shield for 108 gold pieces
  2237 | D:3      | Found a stormy altar of Qazlal.
  2485 | D:3      | Found Keqaoten's Weapon Shoppe.
  2513 | D:3      | Found a shimmering blue altar of Sif Muna.
  3044 | D:3      | Got a dog-eared book
  3189 | D:4      | Identified the +5 hand axe "Demon's Funeral" {heavy, rCorr
                  | Int+3 Dex+4}
  3283 | D:4      | Reached skill level 7 in Axes
  3283 | D:4      | Reached XP level 7. HP: 27/46 MP: 7/7
  3521 | D:5      | Entered Level 5 of the Dungeon
  3533 | D:4      | Reached skill level 1 in Shapeshifting
  3687 | D:5      | Reached skill level 8 in Axes
  4443 | D:5      | Reached XP level 8. HP: 52/52 MP: 8/8
  4489 | D:5      | Reached skill level 9 in Axes
  4743 | D:5      | Found a staircase to the Ecumenical Temple.
  4842 | Temple   | Entered the Ecumenical Temple
  4858 | Temple   | Became a worshipper of Warmaster Okawaru
  5367 | D:6      | Found the +11 Singing Sword {sonic wave}
  5525 | D:6      | Slain by a gnoll sergeant

Illustrated notes

Levels and vault maps discovered:
D:1:      minmay_arrival_loop, layout_loops_ring,
          dreamdust_ecumenical_altar_drowned_temple
D:2:      layout_basic, uniq_sigmund
D:3:      minmay_roachtagon, layout_loops_cross, led_sif_book,
          nicolae_qazlal_general_emergency, serial_shops, shop,
          nicolae_shop_tiny_waterfront, nicolae_shop_trees, shop,
          nicolae_shop_pleasant_corner_grove, kennysheep_generic_room_3
D:4:      layout_gridville, minmay_box_of_dots
D:5:      layout_loops_ring, temple_doors_e
D:6:      layout_loops_ring, amcnicky_altar_gilded,
          mainiacjoe_overflow_six_doors_small, minmay_misc_feat_secret_circle,
          sword_in_stone
Temple:   nicolae_temple_two_arcs

Skill      XL: |  1  2  3  4  5  6  7  8 |
---------------+-------------------------+-----
Axes           | 3 5 6 7 8 9 |  9.0
Shapeshifting  | 1 |  1.6
Fighting       | |  3.3
Dodging        | |  3.5
Shields        | |  3.5
Invocations    | |  0.5

Action                     |  1- 3 |  4- 6 |  7- 9 || total
---------------------------+-------+-------+-------++-------
  Melee: War axe           |    51 |    73 |       ||   124
         Constrict         |    12 |    19 |    20 ||    51
         Tentacles         |     9 |    11 |    15 ||    35
         Punch             |     1 |     1 |     1 ||     3
         Hand axe          |       |     9 |    65 ||    74
  Throw: Dart              |       |     2 |     8 ||    10
    Use: Potion            |     1 |       |     1 ||     2
         Scroll            |       |       |     3 ||     3
   Stab: Sleeping          |     4 |     7 |     1 ||    12
         Distracted        |       |     1 |       ||     1
 Armour: Skin              |    45 |    44 |    34 ||   123
  Dodge: Dodged            |    45 |    44 |    40 ||   129
  Block: Buckler           |    11 |    10 |       ||    21
         Kite shield       |       |     8 |    47 ||    55

Table legend: (Time is in decaauts)
 A = Elapsed time spent in this place.
 B = Non-inter-level travel time spent in this place.
 C = Inter-level travel time spent in this place.
 D = Time resting spent in this place.
 E = Time spent auto-exploring this place.
 F = Levels seen in this place.
 G = Mean time per level.
                   A        B        C        D        E       F      G
               +--------+--------+--------+--------+--------+-----+--------+
         Total |   5603 |   5331 |    272 |   1399 |   3137 |   7 |  800.4 |
       Dungeon |   5576 |   5314 |    262 |   1399 |   3137 |   6 |  929.3 |
        Temple |     26 |     16 |     10 |      0 |      0 |   1 |   26.0 |
               +--------+--------+--------+--------+--------+-----+--------+

Top non-repeatable levels by time:
     D:5: 1688 daAuts
     D:3: 1214 daAuts
     D:1: 1056 daAuts
     D:2: 800 daAuts
     D:4: 686 daAuts
     D:6: 129 daAuts
  Temple: 26 daAuts
